SR
FRANKLIN FIRE @ ELLESMERE ISLAND SNOWPEOPLE
07/19/2037
 
TOP OF THE 1ST
Franklin Fire batting - Pitching for Ellesmere Island Snowpeople : LHP Jordon Glen Anderson
Pitching: LHP Jordon Glen Anderson
Batting: RHB Tucker Sanford 0-0: Called Strike
0-1: Called Strike
0-2: Foul Ball, location: 2F
0-2: Ball
1-2: Strikes out swinging
Batting: RHB Alejandro González 0-0: Bunt missed!
0-1: SINGLE (Groundball, 4D, EV 100.0 MPH)
Batting: SHB Ignacio Cabrera 0-0: Foul Ball, location: 2F
0-1: Called Strike
0-2: Ball
1-2: Ball
2-2: Fly out, F6 (Popup, 4M, EV 66.2 MPH)
Batting: RHB Nick McGhee 0-0: Ball
1-0: Ball
2-0: Called Strike
2-1: Ground out 1-3 (Groundball, 13S, EV 65.6 MPH)
Top of the 1st over - 0 runs, 1 hit, 0 errors, 1 left on base; Franklin 0 - Ellesmere Island 0
BOTTOM OF THE 1ST
Ellesmere Island Snowpeople batting - Pitching for Franklin Fire : RHP José Martínez
Pitching: RHP José Martínez
Batting: RHB Tristan Powell 0-0: Ball
1-0: Called Strike
1-1: Fly out, F8 (Line Drive, 8RD, EV 91.2 MPH)
Batting: RHB Thinley Tshering 0-0: Called Strike
0-1: Bunt for hit to 25 - play at first, batter OUT! 5-3
Batting: SHB Silvio Capitanio 0-0: Ball
1-0: Ball
2-0: Ball
3-0: Base on Balls
Batting: LHB Diego Alejandro Ureña 0-0: SINGLE (Line Drive, 3, EV 70.0 MPH) (infield hit)
Silvio Capitanio to second
Batting: LHB Jared Schneider 0-0: Ball
1-0: Ball
Wild Pitch!
Silvio Capitanio to third
Diego Alejandro Ureña to second
2-0: Swinging Strike
2-1: Foul Ball, location: 2F
2-2: Ball
3-2: Strikes out looking
Bottom of the 1st over - 0 runs, 1 hit, 0 errors, 2 left on base; Franklin 0 - Ellesmere Island 0
TOP OF THE 2ND
Franklin Fire batting - Pitching for Ellesmere Island Snowpeople : LHP Jordon Glen Anderson
Batting: LHB Jorge Mateu 0-0: Called Strike
0-1: Foul Ball, location: 2F
0-2: Foul Ball, location: 2F
0-2: Ball
1-2: Ball
2-2: Strikes out swinging
Batting: RHB Alois Malik 0-0: Ball
1-0: SOLO HOME RUN (Flyball, 7D, EV 100.0 MPH), Distance : 382 ft
Batting: RHB Charlie Yaeger 0-0: Foul Ball, location: 2F
0-1: Swinging Strike
0-2: Ball
1-2: SINGLE (Groundball, 6MD, EV 99.4 MPH)
Batting: LHB Zak Makepeace 0-0: Ball
1-0: Ball
2-0: Called Strike
2-1: Foul Ball, location: 2F
2-2: Strikes out swinging
Batting: SHB Millard Jones 0-0: Ball
1-0: Foul Ball, location: 2F
1-1: Ball
2-1: Fly out, F8 (Flyball, 8RM, EV 88.1 MPH)
Top of the 2nd over - 1 run, 2 hits, 0 errors, 1 left on base; Franklin 1 - Ellesmere Island 0
BOTTOM OF THE 2ND
Ellesmere Island Snowpeople batting - Pitching for Franklin Fire : RHP José Martínez
Batting: RHB Joe Havermeyer 0-0: Foul Ball, location: 2F
0-1: Swinging Strike
0-2: Foul Ball, location: 2F
0-2: Ball
1-2: Ground out 6-3 (Groundball, 6, EV 80.0 MPH)
Batting: SHB Alan Campbell 0-0: Called Strike
0-1: Foul Ball, location: 2F
0-2: Fly out, F8 (Flyball, 78S, EV 86.9 MPH)
Batting: SHB César Enríques 0-0: Ball
1-0: SINGLE (Groundball, 3D, EV 95.6 MPH)
Batting: RHB Cristóbal Arroyo 0-0: Ball
1-0: Ball
Wild Pitch!
César Enríques to second
2-0: Ball
3-0: Base on Balls
Batting: RHB Tristan Powell 0-0: Ball
1-0: Ball
2-0: Ball
3-0: Base on Balls
César Enríques to third
Cristóbal Arroyo to second
Batting: RHB Thinley Tshering 0-0: Ball
1-0: Ball
2-0: Swinging Strike
2-1: Ball
3-1: Base on Balls
César Enríques scores
Cristóbal Arroyo to third
Tristan Powell to second
Batting: SHB Silvio Capitanio 0-0: Foul Ball, location: 2F
0-1: Called Strike
0-2: Strikes out swinging
Bottom of the 2nd over - 1 run, 1 hit, 0 errors, 3 left on base; Franklin 1 - Ellesmere Island 1
TOP OF THE 3RD
Franklin Fire batting - Pitching for Ellesmere Island Snowpeople : LHP Jordon Glen Anderson
Batting: RHB Tucker Sanford 0-0: Ball
1-0: Foul Ball, location: 2F
1-1: Called Strike
1-2: Foul Ball, location: 2F
1-2: Ball
2-2: Foul Ball, location: 2F
2-2: Ball
3-2: Foul Ball, location: 2F
3-2: Foul Ball, location: 2F
3-2: Base on Balls
Batting: RHB Alejandro González 0-0: Ball
1-0: Ball
2-0: Called Strike
2-1: Ball
3-1: Swinging Strike
3-2: Foul Ball, location: 2F
3-2: Ground out 6-3 (Groundball, 6, EV 108.8 MPH)
Tucker Sanford to second
Batting: SHB Ignacio Cabrera 0-0: Ball
1-0: Ball
2-0: Ball
Tucker Sanford steals 3rd base
3-0: Base on Balls
Batting: RHB Nick McGhee 0-0: Called Strike
0-1: Fielders Choice at 2nd, 1-4 (Groundball, 15S, EV 66.2 MPH)
Batting: LHB Jorge Mateu 0-0: Called Strike
0-1: Ball
1-1: Ground out 4-3 (Groundball, 4, EV 87.5 MPH)
Top of the 3rd over - 0 runs, 0 hits, 0 errors, 2 left on base; Franklin 1 - Ellesmere Island 1
BOTTOM OF THE 3RD
Ellesmere Island Snowpeople batting - Pitching for Franklin Fire : RHP José Martínez
Batting: LHB Diego Alejandro Ureña 0-0: Ball
1-0: Called Strike
1-1: Ball
2-1: Ball
3-1: Called Strike
3-2: Fly out, F8 (Flyball, 78S, EV 90.6 MPH)
Batting: LHB Jared Schneider 0-0: Ball
1-0: Ball
2-0: Foul Ball, location: 2F
2-1: Ground out 4-3 (Groundball, 4, EV 86.2 MPH)
Batting: RHB Joe Havermeyer 0-0: Swinging Strike
0-1: Called Strike
0-2: Ball
1-2: Ball
2-2: Ball
3-2: Ground out 5-3 (Groundball, 56S, EV 82.5 MPH)
Bottom of the 3rd over - 0 runs, 0 hits, 0 errors, 0 left on base; Franklin 1 - Ellesmere Island 1
TOP OF THE 4TH
Franklin Fire batting - Pitching for Ellesmere Island Snowpeople : LHP Jordon Glen Anderson
Batting: RHB Alois Malik 0-0: Called Strike
0-1: Foul Ball, location: 2F
0-2: Ball
1-2: SINGLE (Groundball, 56S, EV 71.2 MPH) (infield hit)
Batting: RHB Charlie Yaeger 0-0: Called Strike
0-1: Foul Ball, location: 2F
0-2: Ball
1-2: SINGLE (Groundball, 4MD, EV 95.6 MPH)
Alois Malik to second
Runner from 2nd tries for 3rd, SAFE, throw by CF made to third
Batting: LHB Zak Makepeace 0-0: Ball
1-0: Called Strike
1-1: Ball
2-1: Foul Ball, location: 2F
2-2: Strikes out looking
Batting: SHB Millard Jones 0-0: Ball
Wild Pitch!
Alois Malik scores
Charlie Yaeger to second
1-0: Ball
2-0: Foul Ball, location: 2F
2-1: Foul Ball, location: 2F
2-2: Fly out, F9 (Flyball, 89M, EV 96.2 MPH)
Batting: RHB Tucker Sanford 0-0: Ball
1-0: Ball
2-0: Called Strike
2-1: Ball
3-1: Swinging Strike
3-2: Foul Ball, location: 2F
3-2: Fly out, F9 (Flyball, 9LSF, EV 78.8 MPH)
Top of the 4th over - 1 run, 2 hits, 0 errors, 1 left on base; Franklin 2 - Ellesmere Island 1
BOTTOM OF THE 4TH
Ellesmere Island Snowpeople batting - Pitching for Franklin Fire : RHP José Martínez
Batting: SHB Alan Campbell 0-0: Fly out, F8 (Flyball, 78M, EV 75.0 MPH)
Batting: SHB César Enríques 0-0: Swinging Strike
0-1: Fly out, F7 (Flyball, 78M, EV 76.9 MPH)
Batting: RHB Cristóbal Arroyo 0-0: Called Strike
0-1: Ball
1-1: Ball
2-1: Called Strike
2-2: Ball
3-2: Strikes out swinging
Bottom of the 4th over - 0 runs, 0 hits, 0 errors, 0 left on base; Franklin 2 - Ellesmere Island 1
TOP OF THE 5TH
Franklin Fire batting - Pitching for Ellesmere Island Snowpeople : LHP Jordon Glen Anderson
Batting: RHB Alejandro González 0-0: Ball
1-0: Swinging Strike
1-1: Swinging Strike
1-2: Foul Ball, location: 2F
1-2: Ball
2-2: Ball
3-2: Strikes out looking
Batting: SHB Ignacio Cabrera 0-0: Called Strike
0-1: Foul Ball, location: 2F
0-2: Ball
1-2: Foul Ball, location: 2F
1-2: Foul Ball, location: 2F
1-2: Ball
2-2: Fly out, F8 (Flyball, 89XD, EV 85.0 MPH)
Batting: RHB Nick McGhee 0-0: Called Strike
0-1: Ball
1-1: Called Strike
1-2: Ball
2-2: Ball
3-2: Ground out 6-3 (Groundball, 6, EV 89.4 MPH)
Top of the 5th over - 0 runs, 0 hits, 0 errors, 0 left on base; Franklin 2 - Ellesmere Island 1
BOTTOM OF THE 5TH
Ellesmere Island Snowpeople batting - Pitching for Franklin Fire : RHP José Martínez
Batting: RHB Tristan Powell 0-0: Ball
1-0: Ball
2-0: Called Strike
2-1: Swinging Strike
2-2: Strikes out swinging
Batting: RHB Thinley Tshering 0-0: Called Strike
0-1: Ball
1-1: Foul Ball, location: 2F
1-2: Ball
2-2: Ball
3-2: Strikes out swinging, 2-3 out at first.
Batting: SHB Silvio Capitanio 0-0: Ball
1-0: Ball
2-0: Swinging Strike
2-1: Swinging Strike
2-2: Ball
3-2: Strikes out swinging
Bottom of the 5th over - 0 runs, 0 hits, 0 errors, 0 left on base; Franklin 2 - Ellesmere Island 1
TOP OF THE 6TH
Franklin Fire batting - Pitching for Ellesmere Island Snowpeople : LHP Jordon Glen Anderson
Pitching: RHP Ricardo Marrero
Batting: LHB Jorge Mateu 0-0: Called Strike
0-1: Ball
1-1: Ball
2-1: SOLO HOME RUN (Flyball, 9LD, EV 98.1 MPH), Distance : 354 ft
Batting: RHB Alois Malik 0-0: Ball
1-0: Swinging Strike
1-1: Swinging Strike
1-2: Ball
2-2: Ball
3-2: Foul Ball, location: 2F
3-2: Ground out 5-3 (Groundball, 56S, EV 83.1 MPH)
Batting: RHB Charlie Yaeger 0-0: Fly out, F8 (Flyball, 8RM, EV 90.6 MPH)
Batting: LHB Zak Makepeace 0-0: Called Strike
0-1: Foul Ball, location: 2F
0-2: Foul Ball, location: 2F
0-2: Foul Ball, location: 2F
0-2: Ball
1-2: Ball
2-2: Foul Ball, location: 2F
2-2: Ball
3-2: Foul Ball, location: 2F
3-2: Ground out 6-3 (Groundball, 4M, EV 84.4 MPH)
Top of the 6th over - 1 run, 1 hit, 0 errors, 0 left on base; Franklin 3 - Ellesmere Island 1
BOTTOM OF THE 6TH
Ellesmere Island Snowpeople batting - Pitching for Franklin Fire : RHP José Martínez
Batting: LHB Diego Alejandro Ureña 0-0: Called Strike
0-1: Swinging Strike
0-2: Ball
1-2: Ball
2-2: Ball
3-2: Foul Ball, location: 2F
3-2: Base on Balls
Batting: LHB Jared Schneider 0-0: SINGLE (Groundball, 6D, EV 105.0 MPH)
Diego Alejandro Ureña to second
Batting: RHB Joe Havermeyer 0-0: Ball
1-0: Sac Bunt to 5S - play at first, batter OUT! 5-4
Diego Alejandro Ureña to third
Jared Schneider to second
Batting: SHB Alan Campbell 0-0: Swinging Strike
Passed Ball!
Diego Alejandro Ureña scores
Jared Schneider to third
0-1: Foul Ball, location: 2F
0-2: Ground out 4-3 (Groundball, 4, EV 84.4 MPH)
Batting: SHB César Enríques 0-0: Foul Ball, location: 2F
0-1: Ball
1-1: Ball
2-1: Foul Ball, location: 2F
2-2: Fly out, F7 (Line Drive, 7D, EV 89.4 MPH)
Bottom of the 6th over - 1 run, 1 hit, 0 errors, 1 left on base; Franklin 3 - Ellesmere Island 2
TOP OF THE 7TH
Franklin Fire batting - Pitching for Ellesmere Island Snowpeople : RHP Ricardo Marrero
Batting: SHB Millard Jones 0-0: Swinging Strike
0-1: Ball
1-1: Called Strike
1-2: Foul Ball, location: 2F
1-2: Foul Ball, location: 2F
1-2: Strikes out swinging
Batting: RHB Tucker Sanford 0-0: Ball
1-0: Swinging Strike
1-1: Ball
2-1: Ball
3-1: Reached on error, E9 (Flyball, 89S, EV 93.1 MPH)
Batting: RHB Alejandro González 0-0: Called Strike
Tucker Sanford steals 2nd base
0-1: Foul Ball, location: 2F
0-2: Foul Ball, location: 2F
0-2: Ball
1-2: Strikes out swinging
Batting: SHB Ignacio Cabrera 0-0: Foul Ball, location: 2F
0-1: Ball
1-1: Ball
2-1: Ball
3-1: Ground out U3 (Groundball, 3, EV 89.4 MPH)
Top of the 7th over - 0 runs, 0 hits, 1 error, 1 left on base; Franklin 3 - Ellesmere Island 2
BOTTOM OF THE 7TH
Ellesmere Island Snowpeople batting - Pitching for Franklin Fire : RHP José Martínez
Batting: RHB Cristóbal Arroyo 0-0: Fly out, F8 (Flyball, 8LM, EV 93.1 MPH)
Batting: RHB Tristan Powell 0-0: Ball
1-0: Ball
2-0: Ball
3-0: Called Strike
3-1: Called Strike
3-2: DOUBLE (Line Drive, 89M, EV 102.5 MPH)
Pitching: LHP Yakobo Mutahi
Batting: RHB Thinley Tshering 0-0: Ball
1-0: Ball
2-0: Ball
3-0: Called Strike
3-1: Called Strike
3-2: Foul Ball, location: 2F
3-2: Foul Ball, location: 2F
3-2: Foul Ball, location: 2F
3-2: Foul Ball, location: 2F
3-2: Base on Balls
Pitching: RHP José Rivera
Batting: SHB Silvio Capitanio 0-0: Called Strike
0-1: Ball
1-1: Foul Ball, location: 2F
1-2: Fly out, F3 (Flyball, 3D, EV 89.4 MPH)
Batting: LHB Diego Alejandro Ureña 0-0: Ground out 3-1 (Groundball, 3S, EV 63.1 MPH)
Bottom of the 7th over - 0 runs, 1 hit, 0 errors, 2 left on base; Franklin 3 - Ellesmere Island 2
TOP OF THE 8TH
Franklin Fire batting - Pitching for Ellesmere Island Snowpeople : RHP Ricardo Marrero
Batting: RHB Nick McGhee 0-0: Ball
1-0: Called Strike
1-1: SINGLE (Groundball, 34, EV 81.2 MPH) (infield hit)
Pitching: RHP Fernando Gonzáles
Batting: LHB Jorge Mateu 0-0: Called Strike
0-1: Ball
1-1: Ball
2-1: Swinging Strike
2-2: Strikes out swinging
Batting: RHB Alois Malik 0-0: Ball
1-0: Foul Ball, location: 2F
1-1: Swinging Strike
1-2: Strikes out looking
Batting: RHB Charlie Yaeger 0-0: Called Strike
Nick McGhee steals 2nd base
0-1: Ball
1-1: Foul Ball, location: 2F
1-2: Strikes out looking
Top of the 8th over - 0 runs, 1 hit, 0 errors, 1 left on base; Franklin 3 - Ellesmere Island 2
BOTTOM OF THE 8TH
Ellesmere Island Snowpeople batting - Pitching for Franklin Fire : RHP José Rivera
Batting: LHB Jared Schneider 0-0: Called Strike
0-1: Ball
1-1: Foul Ball, location: 2F
1-2: Ball
2-2: Foul Ball, location: 2F
2-2: Foul Ball, location: 2F
2-2: Fly out, F9 (Flyball, 9D, EV 97.5 MPH)
Batting: RHB Joe Havermeyer 0-0: Called Strike
0-1: Called Strike
0-2: SINGLE (Line Drive, 4M, EV 96.9 MPH)
Pitching: RHP Aubrey Swanson
Batting: SHB Alan Campbell 0-0: Called Strike
0-1: SINGLE (Line Drive, 7LM, EV 89.4 MPH)
Joe Havermeyer to second
Batting: SHB César Enríques 0-0: Ball
1-0: Swinging Strike
1-1: SINGLE (Flyball, 8LS, EV 94.4 MPH)
Joe Havermeyer to third
Alan Campbell to second
Batting: RHB Cristóbal Arroyo 0-0: Swinging Strike
0-1: Foul Ball, location: 2F
0-2: Strikes out swinging
Batting: RHB Tristan Powell 0-0: Foul Ball, location: 2F
0-1: Fly out, F8 (Flyball, 8RD, EV 101.9 MPH)
Bottom of the 8th over - 0 runs, 3 hits, 0 errors, 3 left on base; Franklin 3 - Ellesmere Island 2
TOP OF THE 9TH
Franklin Fire batting - Pitching for Ellesmere Island Snowpeople : RHP Fernando Gonzáles
Pitching: LHP Diyaa Ababneh
Batting: LHB Zak Makepeace 0-0: Called Strike
0-1: Called Strike
0-2: Ball
1-2: Strikes out swinging
Batting: SHB Millard Jones 0-0: Ball
1-0: Ball
2-0: Swinging Strike
2-1: Ball
3-1: Called Strike
3-2: Strikes out swinging
Batting: RHB Tucker Sanford 0-0: Ball
1-0: Foul Ball, location: 2F
1-1: Called Strike
1-2: Foul Ball, location: 2F
1-2: Strikes out swinging
Top of the 9th over - 0 runs, 0 hits, 0 errors, 0 left on base; Franklin 3 - Ellesmere Island 2
BOTTOM OF THE 9TH
Ellesmere Island Snowpeople batting - Pitching for Franklin Fire : RHP Aubrey Swanson
Batting: RHB Thinley Tshering 0-0: Ball
1-0: Ball
2-0: Ground out 6-3 (Groundball, 6M, EV 75.6 MPH)
Batting: SHB Silvio Capitanio 0-0: Called Strike
0-1: Ball
1-1: Foul Ball, location: 2F
1-2: Foul Ball, location: 2F
1-2: Ground out 4-3 (Groundball, 34, EV 102.5 MPH)
Batting: LHB Diego Alejandro Ureña 0-0: Called Strike
0-1: Ground out U3 (Groundball, 3L, EV 100.0 MPH)
Bottom of the 9th over - 0 runs, 0 hits, 0 errors, 0 left on base; Franklin 3 - Ellesmere Island 2
Thursday, January 23rd, 2020 - OOTP Baseball 20.8 Build 74